 Dungeon Crawl Stone Soup version 0.24-a0-809-g71cb82dfb8 (webtiles) character file.

Game seed: 4315435691663794857, levelgen mode: deterministic

747 HumanIsDead the Skirmisher (level 8, -1/62 HPs)
             Began as a Human Ice Elementalist on Oct 11, 2019.
             Was a Follower of Vehumet.
             Slain by an ogre
             ... wielding a +0 giant spiked club
              (21 damage)
             ... on level 5 of the Dungeon.
             The game lasted 00:20:43 (5445 turns).

HumanIsDead the Skirmisher (Human Ice Elementalist) Turns: 5445, Time: 00:20:44

Health: -1/62      AC:  2    Str: 14    XL:     8   Next: 6%
Magic:  5/11       EV: 12    Int: 23    God:    Vehumet [*.....]
Gold:   227        SH:  0    Dex: 13    Spells: 5/11 levels left

rFire    + . .     SeeInvis .   o - +3 whip
rCold    + . .     Gourm    .   (no shield)
rNeg     . . .     Faith    .   a - +0 robe
rPois    +         Spirit   .   (no helmet)
rElec    +         Reflect  .   (no cloak)
rCorr    +         Harm     .   (no gloves)
MR       .....                  (no boots)
Stlth    ++........             (no amulet)
HPRegen  0.20/turn              (no ring)
MPRegen  0.12/turn              (no ring)

@: mighty, brilliant, resistant, slowed, very slow
A: no striking features
a: Renounce Religion


You were on level 5 of the Dungeon.
You worshipped Vehumet.
Vehumet was aware of your devotion.
You were not hungry.

You visited 2 branches of the dungeon, and saw 7 of its levels.

You collected 227 gold pieces.

Inventory:

Hand Weapons
 b - a +0 hunting sling
 d - a +0 dagger
 o - a +3 whip (weapon)
 s - a +0 flail of protection
 x - a +0 war axe of flaming
Missiles
 l - 93 stones (quivered)
 y - 18 poisoned darts
Armour
 a - a +0 robe (worn)
Jewellery
 f - an uncursed ring of ice {unknown}
 i - a cursed amulet of inaccuracy {unknown}
 v - a +6 ring of intelligence
Wands
 k - a wand of flame (8)
 n - a wand of polymorph (6)
Scrolls
 e - a scroll of amnesia {unknown}
 g - a scroll of teleportation {unknown}
 h - 2 scrolls of enchant armour {unknown}
 p - a scroll of fog {unknown}
 q - 2 scrolls of identify {unknown}
 r - a scroll of magic mapping {unknown}
 t - a scroll of remove curse {unknown}
 A - a scroll of immolation {unknown}
 B - a scroll of blinking {unknown}
Potions
 j - 2 potions of might
 m - a potion of resistance
 u - a potion of degeneration {unknown}
 w - a potion of brilliance
 z - a potion of curing
Comestibles
 c - 10 rations


   Skills:
 - Level 5.1 Fighting
 - Level 2.2 Dodging
 - Level 2.0 Stealth
 - Level 2.1 Spellcasting
 + Level 4.6 Conjurations
 - Level 5.0 Ice Magic


You had 5 spell levels left.
You knew the following spells:

 Your Spells              Type           Power        Failure   Level  Hunger
a - Freeze                Ice            ####         1%          1    None
b - Throw Icicle          Conj/Ice       #####...     2%          4    ####...
c - Sandblast             Erth           ###...       1%          1    None

Your spell library contained the following spells:

 Spells                   Type           Power        Failure   Level  Hunger
 Throw Frost              Conj/Ice       #####.       1%          2    ##.....
 Ozocubu's Armour         Chrm/Ice       ####....     1%          3    ###....
 Summon Ice Beast         Ice/Summ       ####....     5%          4    ####...


Dungeon Overview and Level Annotations

Branches:
Dungeon (6/15)             Temple (1/1) D:4

Altars:
Dithmenos
Elyvilon
Fedhas
Gozag
Hepliaklqana
Kikubaaqudgha
Okawaru
Qazlal
Trog
Uskayaw
Vehumet
Wu Jian
Xom
Yredelemnul
The Shining One

Annotations:
D:4 2 runed translucent doors, Kohma's ghost, novice MiBe


Message History

* * * LOW HITPOINT WARNING * * *
You feel sick.
Unknown command.
It was a potion of curing.
You feel better.
An orc wizard comes into view. It is wielding a -2 dagger.
The orc wizard shouts!
You hear a shout!
The orc wizard points at you and mumbles some strange words.
You feel yourself slow down.
The orc wizard casts a spell.
The orc wizard blinks!
You see here a jackal corpse.
Casting: Freeze (safe; 1% risk of failure)
Confirm with . or Enter, or press ? or * to list all spells.
Aiming: Freeze (safe; 1% risk of failure)
Press: ? - help, Shift-Dir - straight line, f - ogre
Aim: an ogre, wielding a +0 giant spiked club (translocational energy)
You freeze the ogre!
The ogre is moderately wounded.
The ogre hits you with a +0 giant spiked club!!
You die...

#.........#
#.###...#.#
##.##)# #.##.#
#.##.# #.##.#
#.##.#
##.#.####.##.##
.[.......oO@..#
##...###......#
## #.#...<#
#.#..### #.#..#
#<#..# #.#..#
#.#..# ..#..#


You could see an ogre and an orc wizard.

Vanquished Creatures
  A scorpion (D:4)
  A howler monkey (D:5)
  A hound (D:5)
  3 orc priests (D:4)
  An iguana (D:4)
  Terence (D:2)
  4 orc wizards
  5 worker ants
  A hound skeleton (D:4)
  4 gnolls (D:4)
  9 adders
  An ooze (D:2)
  An adder skeleton (D:4)
  2 worms
  3 dart slugs
  4 leopard geckos
  20 orcs
  2 giant cockroaches
  6 goblins
  2 hobgoblins
  8 jackals
  6 kobolds
  3 quokkas
  3 ball pythons
  7 bats
  5 frilled lizards
  2 jackal skeletons (D:4)
  9 rats
115 creatures vanquished.

Notes
Turn   | Place    | Note
-------+----------+-------------------------------------------
     0 | D:1      | HumanIsDead the Human Ice Elementalist began the quest for
                  | the Orb.
     0 | D:1      | Reached XP level 1. HP: 13/13 MP: 3/3
   109 | D:1      | Reached XP level 2. HP: 20/20 MP: 5/5
   139 | D:1      | Reached skill level 1 in Fighting
   369 | D:1      | Reached XP level 3. HP: 25/26 MP: 1/6
   951 | D:2      | Noticed Terence
   988 | D:2      | Killed Terence
   988 | D:2      | Reached XP level 4. HP: 24/34 MP: 0/7
  1182 | D:2      | Reached XP level 5. HP: 34/40 MP: 4/8
  2552 | D:3      | You fall into a shaft and drop 3 floors!
  2803 | D:5      | Entered Level 5 of the Dungeon
  2824 | D:5      | Noticed a sky beast
  2828 | D:4      | Found a large runed translucent door.
  2828 | D:4      | Found a large runed translucent door.
  2836 | D:4      | Reached XP level 6. HP: 48/48 MP: 3/9
  2838 | D:4      | Reached skill level 5 in Ice Magic
  2937 | D:4      | Found a stormy altar of Qazlal.
  2937 | D:4      | Found an iron altar of Okawaru.
  2966 | D:4      | Found a shimmering altar of Xom.
  3055 | D:4      | Found a staircase to the Ecumenical Temple.
  3070 | Temple   | Entered the Ecumenical Temple
  3135 | Temple   | Became a worshipper of Vehumet
  3566 | D:4      | Reached skill level 5 in Fighting
  3566 | D:4      | Reached XP level 7. HP: 50/56 MP: 3/10
  3732 | D:4      | Learned a level 4 spell: Throw Icicle
  5009 | D:4      | Noticed Kohma's ghost (novice MiBe)
  5227 | D:5      | Reached * piety under Vehumet
  5227 | D:5      | Offered knowledge of Sandblast by Vehumet.
  5309 | D:5      | Learned a level 1 spell: Sandblast
  5351 | D:5      | Reached XP level 8. HP: 41/62 MP: 4/11
  5445 | D:5      | Slain by an ogre

Levels and vault maps discovered:
D:1:      doesnt_arrival_eight_statues, layout_basic, minivault_5,
          minmay_misc_feat_encased, st_stairs_9
D:2:      layout_basic, uniq_terence
D:3:      layout_basic, minmay_statues_item
D:4:      layout_cave_pods, nicolae_overflow_hidden_temple,
          gammafunk_temple_overflow_forgotten, minmay_temple_entry_mini_moons,
          ebering_ghost_disaster_area
D:5:      layout_loops_ring, kennysheep_slug_shrine, first_ration
D:6:      layout_loops_ring, lemuel_round_altar, grunt_dithmenos_smoke
Temple:   minmay_temple_bridge_abc

Skill      XL: |  1  2  3  4  5  6  7 |
---------------+----------------------+-----
Fighting       | 1 2 3 5 |  5.1
Ice Magic      | 4 5 |  5.0
Conjurations   | 4 |  4.6
Dodging        | |  2.2
Stealth        | |  2.0
Spellcasting   | |  2.1

Action                   |  1- 3 |  4- 6 |  7- 9 || total
-------------------------+-------+-------+-------++-------
Melee: Dagger            |    24 |     1 |       ||    25
       Whip              |       |    56 |    22 ||    78
Throw: Stone             |       |     2 |     2 ||     4
 Cast: Freeze            |    43 |    93 |    76 ||   212
  Use: Potion            |       |       |     4 ||     4
 Stab: Sleeping          |     1 |     1 |     1 ||     3
  Eat: Chunk             |     1 |     9 |     7 ||    17
Armor: Robe              |    14 |    23 |     8 ||    45
       Skin              |     6 |       |       ||     6
Dodge: Dodged            |    30 |    73 |    54 ||   157

Table legend:
 A = Non-vault XP
 B = Vault XP
 C = Vault XP percentage of total XP
 D = Non-vault monster count
 E = Vault monster count
 F = Vault count percentage of total count
                 A         B        C        D         E       F
            +---------+---------+-------+---------+---------+-------
      Total |    1022 |      46 |   4.3 |     111 |       4 |   3.5
            +---------+---------+-------+---------+---------+-------
        D:1 |      30 |       8 |  21.1 |      18 |       3 |  14.3
        D:2 |      73 |      38 |  34.2 |      21 |       1 |   4.5
        D:3 |     110 |       0 |   0.0 |      17 |       0 |   0.0
        D:4 |     619 |       0 |   0.0 |      42 |       0 |   0.0
        D:5 |     181 |       0 |   0.0 |      10 |       0 |   0.0
        D:6 |       9 |       0 |   0.0 |       3 |       0 |   0.0
            +---------+---------+-------+---------+---------+-------
